 Dungeon Crawl Stone Soup version 0.22.1-2-g9c5b331 (webtiles) character file.

51 Harpaggios the Sneak (level 3, -4/16 HPs)
             Began as a Vine Stalker Enchanter on Jan 1, 2019.
             Slain by an orc
             ... wielding a +0 falchion
              (6 damage)
             ... on level 3 of the Dungeon.
             The game lasted 00:05:42 (2238 turns).

Harpaggios the Sneak (Vine Stalker Enchanter)       Turns: 2238, Time: 00:05:42

Health: -4/16      AC:  2    Str: 10    XL:     3   Next: 83%
Magic:  0/7        EV: 12    Int: 15    God:
Gold:   63         SH:  0    Dex: 15    Spells: 0/6 levels left

rFire    . . .     SeeInvis .   a - +1 dagger
rCold    . . .     Gourm    .   (no shield)
rNeg     . . .     Faith    .   b - +0 robe
rPois    .         Spirit   +   (no helmet)
rElec    .         Reflect  .   (no cloak)
rCorr    .         Harm     .   (no gloves)
MR       +....                  (no boots)
Stlth    +++.......             e - amulet of rage
HPRegen  0.05/turn              p - ring of protection from magic
MPRegen  0.10/turn              (no ring)

@: no status effects
A: fangs 2, magic shield, antimagic bite, no potion heal 3, rot immunity
a: Evoke Berserk Rage


You were on level 3 of the Dungeon.
You were not hungry.

You visited 1 branch of the dungeon, and saw 3 of its levels.

You collected 63 gold pieces.

Inventory:

Hand Weapons
 a - a +1 dagger (weapon)
Armour
 b - a +0 robe (worn)
Jewellery
 e - an amulet of rage (around neck)
 g - an uncursed ring of positive energy {unknown}
 p - a ring of protection from magic (left hand)
Scrolls
 f - a scroll of fog {unknown}
 m - 2 scrolls of teleportation
Potions
 c - a potion of agility
Comestibles
 d - 7 rations
 j - 3 chunks of flesh


   Skills:
 + Level 1.6 Short Blades
 - Level 1.5 Dodging
 + Level 4.2 Stealth
 - Level 2.1 Spellcasting
 * Level 3.9 Hexes


You couldn't memorise any spells.
You knew the following spells:

 Your Spells              Type           Power        Failure   Level  Hunger
a - Corona                Hex            ##.....      4%          1    #......
b - Ensorcelled Hibernat  Hex/Ice        #.....       14%         2    ###....
c - Tukima's Dance        Hex            ##......     13%         3    ###....

Your spell library contained the following spells:

 Spells                   Type           Power        Failure   Level  Hunger
 Confuse                  Hex            ##......     13%         3    ###....
 Dazzling Spray           Conj/Hex       #.....       28%         3    ###....


Dungeon Overview and Level Annotations

Branches:
Dungeon (3/15)

Altars:
Vehumet


Innate Abilities, Weirdness & Mutations

You have extremely sharp teeth.
When hurt, damage is shared between your health and your magic reserves.
Your bite disrupts and absorbs the magic of your enemies.
Potions cannot restore your health.
You are immune to rotting.


Message History

The orc is heavily wounded.
The orc closely misses you. The orc barely misses you.
The orc hits you with a dagger.
You hit the orc.
The orc is heavily wounded.
The orc misses you. The orc closely misses you.
You hit the orc.
You kill the orc!
The orc closely misses you. The orc hits you with a club.
* * * LOW HITPOINT WARNING * * *
The orc closely misses you.
Casting: Ensorcelled Hibernation (safe; 14% risk of failure)
Confirm with . or Enter, or press ? or * to list all spells.
You don't have enough magic to cast that spell.
You barely miss the orc.
A rat comes into view.
The orc hits you with a dagger.
* * * LOW HITPOINT WARNING * * *
The orc closely misses you. The orc hits you with a falchion!
You die...

#.#... ....##...
###.#..# .........
#...#..###........
##...#..#.....[§...
#.......#....§...r.
#...........§.§.#
####.###.........§.#
#....# ###..oo)....#
###.#### #...@o....#
#.....# #.........#
#####.# #.........#
#..#.# ###########
##....# #.....#
#####.# #.#######
#....(..#


You could see 3 orcs and a rat (wandering).

Vanquished Creatures
  An adder (D:2)
  2 dart slugs (D:2)
  An orc (D:3)
  A giant cockroach (D:2)
  6 goblins
  3 hobgoblins
  4 jackals (D:2)
  5 kobolds
  A quokka (D:3)
  3 bats
  A frilled lizard (D:2)
  6 rats (D:2)
34 creatures vanquished.

Vanquished Creatures (others)
  An orc (D:3)
1 creature vanquished.

Grand Total: 35 creatures vanquished

Notes
Turn   | Place    | Note
-------+----------+-------------------------------------------
     0 | D:1      | Harpaggios the Vine Stalker Enchanter began the quest for
                  | the Orb.
     0 | D:1      | Reached XP level 1. HP: 9/9 MP: 4/4
    26 | D:1      | Reached skill level 1 in Short Blades
   664 | D:1      | Reached XP level 2. HP: 13/13 MP: 6/6
   975 | D:2      | Reached skill level 4 in Stealth
  1007 | D:2      | Reached XP level 3. HP: 6/16 MP: 3/7
  1210 | D:2      | Learned a level 2 spell: Ensorcelled Hibernation
  1214 | D:2      | Learned a level 3 spell: Tukima's Dance
  2217 | D:3      | Found a radiant altar of Vehumet.
  2238 | D:3      | Slain by an orc

Skill      XL: |  1  2 |
---------------+-------+-----
Short Blades   | 1 |  1.6
Stealth        | 4 |  4.2
Dodging        | |  1.5
Spellcasting   | |  2.1
Hexes          | |  3.9

Action                   || total
-------------------------++-------
Melee: Dagger            ||   104
       Bite              ||    22
 Cast: Corona            ||     1
       Ensorcelled Hiber ||     3
  Use: Scroll            ||     6
       Potion            ||     5
 Stab: Sleeping          ||     5
  Eat: Chunk             ||     4
Armor: Robe              ||    14
Dodge: Dodged            ||    72
